 Dungeon Crawl Stone Soup version 0.25-a0-647-gd602d06ee1 (webtiles) character file.

Game seed: 17217786686749648678, levelgen mode: deterministic

15 Amnesiac the Skirmisher (level 2, -1/27 HPs)
             Began as a Hill Orc Fighter on Mar 21, 2020.
             Slain by a hound (3 damage)
             ... on level 4 of the Dungeon.
             The game lasted 00:01:19 (411 turns).

Amnesiac the Skirmisher (Hill Orc Fighter)           Turns: 411, Time: 00:01:19

Health: -1/27      AC:  6    Str: 18    XL:     2   Next: 50%
Magic:  2/2        EV:  7    Int:  8    God:
Gold:   72         SH:  9    Dex: 10    Spells: 1/1 levels left

rFire    . . .     SeeInvis .   a - +0 war axe
rCold    . . .     Gourm    .   c - +0 kite shield
rNeg     . . .     Faith    .   b - +0 scale mail
rPois    .         Spirit   .   (no helmet)
rElec    .         Reflect  .   (no cloak)
rCorr    .         Harm     .   (no gloves)
MR       .....                  (no boots)
Stlth    ..........             k - amulet of inaccuracy (curse)
HPRegen  0.09/turn              (no ring)
MPRegen  0.08/turn              (no ring)

@: mighty
A: no striking features
a: no special abilities


You were on level 4 of the Dungeon.
You were not hungry.

You visited 1 branch of the dungeon, and saw 5 of its levels.

You collected 72 gold pieces.

Inventory:

Hand Weapons
 a - a +0 war axe (weapon)
Armour
 b - a +0 scale mail (worn)
 c - a +0 kite shield (worn)
Jewellery
 k - a cursed amulet of inaccuracy (around neck)
Scrolls
 g - a scroll of magic mapping {!r}
Potions
 j - 2 potions of curing {!q}
Comestibles
 f - 4 rations
 h - 2 chunks of flesh


   Skills:
 + Level 4.0 Fighting
 * Level 3.7 Axes
 - Level 3.2 Armour
 - Level 3.2 Shields


You had one spell level left.
You didn't know any spells.
Your spell library was empty.

Dungeon Overview and Level Annotations

Branches:
Dungeon (5/15)
 Temple: D:4-7

Altars:


Message History

Orders for allies: a - Attack new target. r - Retreat! s - Stop attacking. g - Guard the area. f - Follow me.
Anything else - Cancel.
You shout for attention!
You hear a shout! x2
Unknown command.
There is a stone staircase leading up here.
You climb upwards.
A rat comes into view.
Found a scroll of magic mapping, a dagger and a leather armour.
There is a stone staircase leading down here.
g - a scroll of magic mapping {!r}
There are no items here.
The rat bites you but does no damage.
You miss the rat. The rat bites you but does no damage.
You miss the rat. The rat bites you. The rat closely misses you.
You hit the rat.
You kill the rat!
You see here a rat corpse.
You butcher the rat corpse.
h - 2 chunks of flesh (gained 1)
You see here a rat skeleton.
There is a stone staircase leading down here.
You climb downwards.
There is a stone staircase leading up here.
There is a stone staircase leading down here.
You climb downwards.
The iguana bites you!
There is a stone staircase leading up, spattered with blood here.
You block the iguana's attack.
A hound comes into view.
You block the iguana's attack.
The hound barks!
The hound closely misses you.
Really quaff
d - a potion of might {!q}?
You feel very mighty all of a sudden. You block the hound's attack.
The hound bites you but does no damage. You block the iguana's attack.
You miss the hound. You closely miss the iguana.
The hound bites you but does no damage. The iguana bites you!
* * * LOW HITPOINT WARNING * * *
The hound barely misses you.
Really quaff
e - a potion of heal wounds {!q}?
You feel much better. The hound bites you but does no damage.
The iguana bites you but does no damage.
Your shield prevents you from hitting the iguana.
You miss the hound. You block the hound's attack.
The hound stops to sniff the ground.
You block the hound's attack. The iguana closely misses you.
The hound bites you but does no damage. The iguana bites you.
You miss the iguana. You hit the hound. You block the hound's attack.
The iguana bites you. The hound bites you but does no damage.
You completely miss the iguana. You slash the hound!
The hound barely misses you. The iguana bites you. The hound bites you.
You hit the iguana.
The iguana is moderately wounded.
You miss the hound. The hound closely misses you. The iguana bites you!
* * * LOW HITPOINT WARNING * * *
The hound bites you but does no damage. You block the iguana's attack.
You closely miss the iguana.
The iguana is moderately wounded.
You closely miss the hound. The hound closely misses you. The iguana bites you.
* * * LOW HITPOINT WARNING * * *
The hound bites you.
You die...

..# ..# ...
.......$.# ..
#.........## ###.#
#.......... ...
#.....)...#####h#
#......a.....##@#
.#.........##.##l#
.#.........##.##a#
............!...<#
#.........##.####
#.####.#####.####
#..>...##.......###
###..#..#.#.......#
####.###.#.#.....#.##


You could see an iguana, a hound and a worker ant.

Vanquished Creatures
  An adder (D:3)
  A leopard gecko (D:3)
  A goblin (D:2)
  A hobgoblin (D:3)
  A bat (D:3)
  A rat (D:2)
6 creatures vanquished.

Notes
Turn   | Place    | Note
-------+----------+-------------------------------------------
     0 | D:1      | Amnesiac the Hill Orc Fighter began the quest for the Orb.
     0 | D:1      | Reached XP level 1. HP: 19/19 MP: 1/1
   341 | D:5      | Entered Level 5 of the Dungeon
   348 | D:4      | Noticed a worker ant
   355 | D:4      | Noticed an iguana
   358 | D:3      | Reached skill level 4 in Fighting
   358 | D:3      | Reached XP level 2. HP: 27/27 MP: 2/2
   411 | D:4      | Slain by a hound

Levels and vault maps discovered:
D:1:      ebering_trefoil_twist, layout_basic
D:2:      layout_basic, marbit_many_paths, hangedman_glass_teeth
D:3:      layout_loops_ring
D:4:      layout_loops_cross
D:5:      layout_basic, first_ration

Skill      XL: |  1 |
---------------+----+-----
Axes           | 3 |  3.7
Fighting       | 4 |  4.0
Armour         | |  3.2
Shields        | |  3.2

Action                   || total
-------------------------++-------
Melee: War axe           ||    21
  Use: Scroll            ||     3
       Potion            ||     2
Armor: Scale mail        ||    13
Dodge: Dodged            ||     9
Block: Kite shield       ||    15

Table legend:
 A = Non-vault XP
 B = Vault XP
 C = Vault XP percentage of total XP
 D = Non-vault monster count
 E = Vault monster count
 F = Vault count percentage of total count
                 A         B        C        D         E       F
            +---------+---------+-------+---------+---------+-------
      Total |      22 |       0 |   0.0 |       6 |       0 |   0.0
            +---------+---------+-------+---------+---------+-------
        D:2 |       3 |       0 |   0.0 |       2 |       0 |   0.0
        D:3 |      19 |       0 |   0.0 |       4 |       0 |   0.0
            +---------+---------+-------+---------+---------+-------
